 Dungeon Crawl Stone Soup version 0.18-a0-1683-gf9322e6 (webtiles) character file.

1122 namelastname112 the Slasher (level 8, 0/70 HPs)
             Began as a Yellow Draconian Berserker on Apr 3, 2016.
             Was an Elder of Trog.
             Killed by nerve-wracking pain
             ... invoked by an orc priest
              (12 damage)
             ... on level 6 of the Dungeon.
             The game lasted 00:07:05 (5806 turns).

namelastname112 the Slasher (DrBe)                  Turns: 5806, Time: 00:07:06

Health: 0/70       AC:  6    Str: 19 (21) XL:     8   Next: 12%
Magic:  8/8        EV: 15    Int:  7      God:    Trog [****..]
Gold:   271        SH:  0    Dex: 16      Spells: 0 memorised, 7 levels left

rFire  . . .     SeeInvis .     a - +0 falchion
rCold  + . .     Gourm    .     (armour unavailable)
rNeg   . . .     Faith    .     (no shield)
rPois  .         Spirit   .     (helmet restricted)
rElec  .         Dismiss  .     (no cloak)
rCorr  +         Reflect  .     (no gloves)
SustAt .         Harm     .     (no boots)
MR     .....                    (no amulet)
Stlth  +.........               E - +4 ring of dexterity
                                c - ring of protection from cold

@: exhausted, slowed, very slow, not resistant to hostile enchantments, very
unstealthy
A: spit acid, acid resistance, unfitting armour, deterioration 1, evolution 1,
cold-blooded, AC +6
a: Spit Acid, Berserk, Trog's Hand, Brothers in Arms, Burn Spellbooks, Renounce
Religion


You were on level 6 of the Dungeon.
You worshipped Trog.
Trog was greatly pleased with you.
You were hungry.

You visited 1 branch of the dungeon, and saw 6 of its levels.
You also visited: Sewer.

You collected 271 gold pieces.

Inventory:

Hand Weapons
 a - a +0 falchion (weapon)
Jewellery
 c - a ring of protection from cold (left hand)
 E - a +4 ring of dexterity (right hand)
Wands
 w - a wand of digging (15/24)
 D - a wand of heal wounds (0/9)
Scrolls
 d - 4 scrolls of remove curse {unknown}
 g - 5 scrolls of enchant weapon {unknown}
 j - a scroll of enchant armour {unknown}
 k - 2 scrolls of fog {unknown}
 l - a scroll of fear {unknown}
 n - 6 scrolls of teleportation {unknown}
 o - 9 scrolls of identify {unknown}
 p - 2 scrolls of immolation {unknown}
 v - 4 scrolls of blinking {unknown}
 y - a scroll of noise {unknown}
 A - a scroll of summoning {unknown}
 C - a scroll of amnesia {unknown}
 F - a scroll of recharging {unknown}
Potions
 e - 4 potions of curing {unknown}
 f - a potion of degeneration {unknown}
 h - 3 potions of lignification {unknown}
 q - 5 potions of heal wounds {unknown}
 r - a potion of resistance {unknown}
 s - a potion of beneficial mutation {unknown}
 t - a potion of might {unknown}
 u - 5 potions of brilliance {unknown}
 x - a potion of haste {unknown}
 z - a potion of magic {unknown}
Comestibles
 b - 7 bread rations
 i - 4 meat rations
 m - 8 fruits
 B - a slice of pizza


   Skills:
 + Level 6.3 Fighting
 * Level 7.6 Long Blades
 + Level 4.8 Dodging


You had 7 spell levels left.
You didn't know any spells.

Dungeon Overview and Level Annotations

Branches:
Dungeon (6/15)             Temple (0/1) D:6

Altars:
Pakellas
Xom
Zin
The Shining One


Innate Abilities, Weirdness & Mutations

You can spit globs of acid.
You are resistant to acid.
Your golden yellow scales are hard (AC +6).
Your body does not fit into most forms of armour.
You are cold-blooded and may be slowed by cold attacks.
Your body sometimes deteriorates upon taking damage.
You evolve.


Message History

You are exhausted.
You feel yourself slow down.
You are feeling hungry.
The orc priest hits you with a short sword.
You barely miss the orc priest. The orc priest misses you.
You hit the orc priest.
The orc priest is lightly wounded.
The orc priest miscasts a cantrip.
The orc priest casts a cantrip, but nothing happens.
You hit the orc priest but do no damage.
The orc priest is lightly wounded.
The orc priest mumbles some strange prayers to Beogh against you.
Pain shoots through your body!
* * * LOW HITPOINT WARNING * * *
You hit the orc priest.
You tail-slap the orc priest, but do no damage.
The orc priest is heavily wounded.
The orc priest mumbles some strange prayers to Beogh against you.
Pain shoots through your body!
You die...

..# #)...<...# ..#
#.#.#.##.#.# ..#
#)#.# # #.# ...
..#.# #.#
...######.######.#
...............#.#
#########.####.#{#
............##$#o#
..#######.#.##.#@#
..........#.##.#)#
..#..........#.#.#
..#..............#
...............###
........##.......#
#######.##.#####.#
#....<# #.#
#####.# #.#


You could see an orc priest.

Vanquished Creatures
  Grinder (D:5)
  A sky beast (D:5)
  An orc warrior (D:6)
  3 ogres
  A centaur (D:6)
  A giant frog skeleton (D:5)
  A hound (D:4)
  2 orc priests
  An iguana (D:4)
  A worker ant (D:5)
  2 hound skeletons (D:4)
  3 gnolls (D:4)
  5 adders
  2 river rats (D:4)
  A worm (D:3)
  2 dart slugs
  2 giant geckos
  7 orcs
  4 bats
  6 giant cockroaches
  5 hobgoblins
  9 jackals
  A quokka (D:4)
  9 ball pythons
  A giant gecko skeleton (D:5)
  7 giant newts
  10 goblins
  A jackal zombie (D:5)
  16 kobolds
  11 rats
  3 plants (Sewer)
120 creatures vanquished.

Vanquished Creatures (others)
  A lightning spire (D:3)
  A bush (D:3)
2 creatures vanquished.

Grand Total: 122 creatures vanquished

Notes
Turn   | Place    | Note
--------------------------------------------------------------
     0 | D:1      | namelastname112 the Draconian Berserker began the quest for the Orb.
     0 | D:1      | Reached XP level 1. HP: 19/19 MP: 1/1
    14 | D:1      | epen: я по такой хуйне очень часто и умираю
    22 | D:1      | epen: думаю типа
    30 | D:1      | epen: охуенно идёт
    30 | D:1      | Reached XP level 2. HP: 10/26 MP: 2/2
    31 | D:1      | epen: могу месить всех направо и налево
    31 | D:1      | namelastname112: лел
   295 | D:1      | epen: и в итоге отсасываю у дип эльфов пристов
   509 | D:1      | Reached ** piety under Trog
   802 | D:2      | Reached XP level 3. HP: 15/31 MP: 3/3
  1036 | D:2      | Found a faded altar to an unknown god.
  1054 | D:2      | epen: а отсасывать у них, я тебе скажу, неприятно
  1442 | D:2      | namelastname112: я люблю в эльфы рано ходить
  1442 | D:2      | namelastname112: и сосать там
  1442 | D:2      | namelastname112: мой любимый спорт
  1444 | D:2      | Reached skill level 4 in Long Blades
  1559 | D:2      | epen: лол
  1740 | D:2      | epen: а нахуй?
  1875 | D:3      | epen: руинить забег, я имею ввиду
  1875 | D:3      | namelastname112: ну
  1875 | D:3      | namelastname112: иногда мне везет
  1875 | D:3      | namelastname112: если я не совсем лох
  1875 | D:3      | namelastname112: и я получаю дохуя лута и экспы
  1875 | D:3      | epen: а иногда там два блейд мастера))))
  2182 | D:3      | Reached XP level 4. HP: 35/40 MP: 4/4
  2525 | D:3      | Found a glowing golden altar of the Shining One.
  2675 | D:3      | Found an oddly glowing altar of Pakellas.
  2676 | D:3      | Noticed a sphinx
  2831 | D:4      | epen: как жаль, что яиц у меня два
  2866 | D:4      | epen: а рот у тебя только один
  2928 | D:4      | Found a shimmering altar of Xom.
  2953 | D:4      | Reached XP level 5. HP: 46/46 MP: 5/5
  2961 | D:4      | epen: у ксома вообще пити есть?
  3002 | D:4      | Reached *** piety under Trog
  3006 | D:4      | namelastname112: она у него рандомная
  3023 | D:4      | Noticed an ogre
  3037 | D:4      | Reached skill level 5 in Long Blades
  3039 | D:4      | Killed an ogre
  3039 | D:4      | Reached XP level 6. HP: 29/53 MP: 6/6
  3101 | D:4      | Found a glowing drain.
  3124 | Sewer    | Entered a sewer
  3467 | Sewer    | epen: а это считается за то, что ты челенж только что проебал?
  3522 | Sewer    | namelastname112: нет
  3522 | Sewer    | epen: или в ивентовые места можно ходить?
  3522 | Sewer    | epen: а
  3522 | Sewer    | epen: окей
  3522 | Sewer    | namelastname112: в порталы и храм можно
  4026 | Sewer    | epen: Алсо
  4026 | Sewer    | epen: чё за чел этот
  4053 | Sewer    | epen: ксено
  4245 | Sewer    | epen: часто его вижу
  4245 | Sewer    | namelastname112: ну из треда парень
  4490 | D:5      | Entered Level 5 of the Dungeon
  4509 | D:5      | Noticed a sky beast
  4522 | D:5      | Killed a sky beast
  4522 | D:5      | Reached skill level 5 in Fighting
  4522 | D:5      | Reached skill level 6 in Long Blades
  4537 | D:5      | epen: мутируй
  4543 | D:5      | Reached **** piety under Trog
  4544 | D:5      | epen: мутируй блять
  4584 | D:5      | epen: не пожалеешь
  4586 | D:5      | Gained mutation: Your body sometimes deteriorates upon taking damage. [mutagenic meat]
  4587 | D:5      | Gained mutation: You evolve. [mutagenic meat]
  4626 | D:5      | epen: нормально
  4916 | D:5      | Noticed Grinder
  4933 | D:5      | Killed Grinder
  4933 | D:5      | Your scales start taking on a golden yellow colour.
  4933 | D:5      | Reached XP level 7. HP: 13/61 MP: 7/7
  4981 | D:5      | epen: я не знаю почему, но мне оче нравится такой хуйнёй страдать
  5046 | D:5      | Reached skill level 7 in Long Blades
  5048 | D:5      | epen: даже когда вроде бы уже пора остановиться
  5097 | D:5      | epen: я всё равно жру это мясо
  5515 | D:5      | Found a glowing silver altar of Zin.
  5568 | D:6      | Reached XP level 8. HP: 28/70 MP: 8/8
  5629 | D:6      | Found a staircase to the Ecumenical Temple.
  5806 | D:6      | Killed from afar by an orc priest

Vault maps used:
D:1:      dpeg_arrival_rhombus
D:2:      first_bread, ecumenical_altar_2
D:3:      mumra_celtic_spiral_tile, tso_altar,
          gammafunk_pakellas_spire_experiment
D:4:      old_standard_altar, portal_sewer_entry_c, minmay_misc_feat_tiny,
          hangedman_decor_riveting
D:5:      zin_treasury, grunt_decor_mini_mirrors, uniq_grinder
D:6:      lemuel_crystal_altar, minmay_temple_entry_purple_smoke,
          nicolae_ru_awakened_eye
Sewer:    sewer_co_scattered_pipes

Skill      XL: |  1  2  3  4  5  6  7 |
---------------+----------------------+-----
Long Blades    | 4 5 6 7 |  7.6
Dodging        | 3 4 |  4.8
Fighting       | 4 5 6 |  6.3

Action                   |  1- 3 |  4- 6 |  7- 9 || total
-------------------------+-------+-------+-------++-------
Melee: Falchion          |   111 |   359 |    50 ||   520
Invok: Berserk           |       |     4 |     1 ||     5
       Trog's Hand       |       |     2 |       ||     2
 Stab: Sleeping          |       |     2 |       ||     2
  Eat: Chunk             |     2 |    14 |     3 ||    19
       Beef jerky        |     1 |     1 |     1 ||     3
